AoeStats
← classicdao066

Nomad

510026682Analyzed
4v4 RM · 5d ago on Sep 29, 2026· 34m 50s· 8 players
Game mode
Random Map
Map size
231×231
Population
200
Speed
Normal
Resources
Standard
Victory
Conquest
Starting age
Dark Age
Ending age
Imperial Age
RankedLock teamsTeams togetherTeam positionsShared explorationLock speedFull tech treeHidden civsTurbo modeCheats
Victory
Defeat
🇨🇴 Persians · Colombia
1190
+15
🇨🇴 Italians · Colombia
1166
+16
🇺🇸 Spanish · United States
1150
+17
🇺🇸 Vietnamese · United States
1105
+18
🇦🇷 Spanish · Argentina
1347
-24
🇦🇷 Vikings · Argentina
1145
-16
🇦🇷 Magyars · Argentina
1088
-13
🇺🇾 Khmer · Uruguay
1076
-13
CulturedMisfit
5:32 Loom
14:48 Feudal Age
19:37 Castle Age
18:05 Horse Collar
20:12 Double-Bit Axe
33:16 Bow Saw
Kirklegaard
4:34 Loom
13:42 Feudal Age
18:49 Castle Age
19:53 Fletching
20:16 Padded Archer Armor
20:08 Double-Bit Axe
21:09 Gold Mining
23:26 Bodkin Arrow
25:04 Wheelbarrow
25:10 Horse Collar
28:02 Leather Archer Armor
27:43 Town Watch
31:55 Hand Cart
classicdao066
11:08 Loom
13:15 Feudal Age
17:19 Castle Age
15:56 Double-Bit Axe
16:41 Fishing Lines
17:55 Bow Saw
17:42 Gillnets
18:24 Forging
18:13 Gold Mining
23:20 Medium Warships
23:52 Iron Casting
24:11 Husbandry
25:45 Bloodlines
30:06 Wheelbarrow
30:02 Horse Collar
31:23 Scale Barding Armor
32:37 Hand Cart
32:59 Chain Barding Armor
yupi999
4:56 Loom
13:37 Feudal Age
23:43 Castle Age
25:44 Elite Skirmisher
34:18 Crossbowman
[LOPDA] Carpincho Uruguayo
10:04 Loom
14:40 Feudal Age
20:08 Castle Age
cekiel aca t ala dilolio
3:32 Loom
15:26 Feudal Age
19:40 Bloodlines
28:21 Castle Age
29:27 Double-Bit Axe
Agus Talleres 2
4:41 Loom
13:24 Feudal Age
17:50 Castle Age
24:47 Double-Bit Axe
[LOPDA] Shebby
5:09 Loom
12:54 Feudal Age
22:16 Castle Age
24:37 Double-Bit Axe
26:27 Gold Mining
27:29 Medium Warships
29:41 Scale Mail Armor
29:51 Forging
30:54 Chain Mail Armor
31:08 Horse Collar
Connection lost

Rejoining the realm…

Still unreachable

The connection could not be restored.

Session expired

The server has moved on; the page needs a fresh start.